 Dungeon Crawl Stone Soup version 0.31-a0-675-g238779eb0a (webtiles) character file.

Game seed: 8472057182827680704

83020 Dirtsage the Severer (level 15, -26/117 HPs)
             Began as a Demonspawn Berserker on Sept 5, 2023.
             Was a High Priest of Trog.
             Killed from afar by Roxanne (38 damage)
             ... with an entropic shot
             ... on level 1 of the Swamp.
             The game lasted 01:00:24 (22889 turns).

Dirtsage the Severer (Demonspawn Berserker)        Turns: 22889, Time: 01:00:25

Health: -26/117    AC: 22    Str: 25    XL:     15   Next: 31%
Magic:  0/15       EV: 10    Int: 15    God:    Trog [*****.]
Gold:   281        SH: 10    Dex: 12    Spells: 14/14 levels left

rFire   . . .        i - +4 broad axe (heavy)
rCold   + . .        o - +0 kite shield
rNeg    . . .        l - +0 swamp dragon scales
rPois   +            x - +2 helmet {Int+3}
rElec   .            (cloak unavailable)
rCorr   .            r - +0 pair of gloves {Str+3}
SInv    +            E - +3 pair of boots of Vehumet's Displeasure {SInv}
Will    +....        b - amulet of regeneration
Stlth   +            I - ring of protection from cold
HPRegen 1.19/turn    C - ring of flight
MPRegen 0.28/turn

%: guardian spirit
@: on berserk cooldown, flying, slowed, very slow
A: yellow scales 2, spiny 2, magic shield, magic regeneration, weakness stinger
3
a: Renounce Religion, Berserk, Trog's Hand, Brothers in Arms


You were on level 1 of the Swamp.
You worshipped Trog.
Trog was extremely pleased with you.
You visited 5 branches of the dungeon, and saw 21 of its levels.
You also visited: Ossuary, Bailey, Gauntlet and Ice Cave.

You collected 2474 gold pieces.
You spent 2193 gold pieces at shops.

Inventory:

Hand Weapons
 c - a +3 battleaxe of flaming
 i - a +4 heavy broad axe (weapon)
Missiles
 d - 9 throwing nets
 K - 4 curare-tipped darts
Armour
 l - +0 swamp dragon scales (worn)
 o - a +0 kite shield (worn)
 r - a +0 pair of gloves of strength (worn)
 x - a +2 helmet of intelligence (worn)
 E - the +3 pair of boots of Vehumet's Displeasure (worn) {SInv}
   (You bought it in a shop on level 1 of the Dungeon)

   SInv:      It lets you see invisible.
 Y - a +1 crystal plate armour
Jewellery
 b - an amulet of regeneration (around neck)
 j - a ring of willpower
 C - a ring of flight (right hand)
 F - a ring of fire
 I - a ring of protection from cold (left hand)
 N - a ring of positive energy
 P - a ring of poison resistance
 W - a ring of wizardry
 X - a +4 ring of protection
Wands
 J - a wand of flame (53)
 O - a wand of quicksilver (11)
 Q - a wand of polymorph (15)
 T - a wand of roots (37)
Scrolls
 e - 4 scrolls of fog
 f - 3 scrolls of enchant weapon
 g - 5 scrolls of fear
 p - 3 scrolls of brand weapon
 t - 3 scrolls of teleportation
 u - 2 scrolls of poison
 A - 2 scrolls of immolation
 B - 3 scrolls of blinking
 D - a scroll of enchant armour
 G - 3 scrolls of revelation
 Z - a scroll of silence
Potions
 a - 2 potions of cancellation {unknown}
 h - 4 potions of haste
 k - 8 potions of enlightenment
 m - a potion of ambrosia {unknown}
 n - 3 potions of resistance
 q - 3 potions of curing
 w - 3 potions of brilliance {unknown}
 y - 2 potions of lignification {unknown}
 z - 3 potions of attraction {unknown}
 H - 4 potions of invisibility
 R - 5 potions of mutation
 S - 3 potions of magic
 U - 4 potions of might {unknown}
 V - a potion of experience {unknown}
Miscellaneous
 L - a condenser vane
 M - a phantom mirror


   Skills:
 - Level 10.5 Fighting
 - Level 18.0 Axes
 - Level 9.5 Armour
 - Level 2.2 Dodging
 * Level 9.1 Shields
 - Level 10.0 Evocations


You had 14 spell levels left.
You didn't know any spells.
Your spell library contained the following spells:

 Spells                   Type           Power      Damage    Failure   Level
 Freeze                   Ice            0%         1d3       56%         1
 Sandblast                Erth           0%         2d4       56%         1
 Lesser Beckoning         Tloc           0%         N/A       71%         2
 Passwall                 Tmut/Erth      0%         N/A       71%         2
 Frozen Ramparts          Ice            0%         1d1       90%         3
 Gell's Gravitas          Tloc           0%         N/A       90%         3
 Hailstorm                Conj/Ice       0%         3d3       90%         3
 Stone Arrow              Conj/Erth      0%         3d7       90%         3
 Teleport Other           Tloc           0%         N/A       90%         3
 Volatile Blastmotes      Fire/Tloc      0%         2d10      90%         3
 Animate Armour           Summ/Erth      0%         N/A       100%        4
 Animate Dead             Necr           0%         N/A       100%        4
 Fulminant Prism          Conj/Hex       0%         3d5       100%        4
 Iskenderun's Mystic Bla  Conj/Tloc      0%         2d3       100%        4
 Leda's Liquefaction      Hex/Erth       0%         N/A       100%        4
 Manifold Assault         Tloc           0%         N/A       100%        4
 Passage of Golubria      Tloc           0%         N/A       100%        4
 Alistair's Intoxication  Tmut/Pois      0%         N/A       100%        5
 Borgnjor's Vile Clutch   Necr/Erth      0%         N/A       100%        5
 Lee's Rapid Deconstruct  Erth           0%         3d4*      100%        5
 Silence                  Hex/Air        0%         N/A       100%        5
 Death Channel            Necr           0%         N/A       100%        6
 Dispersal                Tloc           0%         N/A       100%        6
 Eringya's Noxious Bog    Tmut/Pois      0%         4d6       100%        6
 Leda's Unmaking          Conj/Erth      0%         9d1       100%        6
 Disjunction              Tloc           0%         N/A       100%        8
 Lehudib's Crystal Spear  Conj/Erth      0%         10d2      100%        8


Dungeon Overview and Level Annotations

Branches:
Dungeon (12/15)            Temple (1/1) D:5            Lair (5/5) D:11
  Swamp (1/4) Lair:3        Snake (0/4) Lair:2        Slime (0/5) Lair:5
    Orc (2/2) D:12            Elf (0/3) Orc:2       Ossuary (visited)
 Bailey (visited)           IceCv (visited)         Gauntlet (visited)

Altars:
Ashenzari
Cheibriados
Dithmenos
Fedhas
Gozag
Hepliaklqana
Kikubaaqudgha
Makhleb
Nemelex Xobeh
Okawaru
Qazlal
Ru
Sif Muna
Trog
Uskayaw
Vehumet
Wu Jian
Xom
Yredelemnul
Jiyva

Shops:
D:1 :[*[   D:3 =   Orc:2 [[(:

Portals:
Trove: D:12 (give +4 ice dragon scales)

Annotations:
Swamp:1 Frances, Roxanne


Innate Abilities, Weirdness & Mutations

You are mostly covered in yellow scales. (AC +3)
You are mostly covered in sharp spines.
When hurt, damage is shared between your health and your magic reserves.
You regenerate magic rapidly.
You have a sharp stinger which inflicts weakening toxins.


Message History

Roxanne is heavily damaged.
You slice the spriggan rider!!
Roxanne casts a spell.
You blink.
You block the spriggan rider's attack.
You regained 2 hp, and now have 44/117 hp.
The spriggan rider hits you but does no damage.
You block the spriggan rider's attack.
Roxanne casts a spell.
The crystal spear hits you!!
* * * LOW HITPOINT WARNING * * *
You take 15 damage, and have 29/117 hp.
You now have 4/15 mp.
You slice the spriggan rider!!
The spriggan rider is severely wounded.
You hit Roxanne but do no damage. The spriggan rider barely misses you.
The spriggan rider is struck by your spines.
The spriggan rider hits you with a +0 spear!
* * * LOW HITPOINT WARNING * * *
You take 6 damage, and have 23/117 hp.
You now have 3/15 mp.
You slice the spriggan rider like a ripe choko!!!
You kill the spriggan rider!
Trog accepts your kill.
You kill the hornet!
Trog accepts your kill.
You slice Roxanne!!
Roxanne casts a spell.
The entropic shot hits you!!
* * * LOW HITPOINT WARNING * * *
You take 18 damage, and have 5/117 hp.
You now have 1/15 mp.
You slash Roxanne!
You tail-slap Roxanne, but do no damage.
Roxanne is heavily damaged.
You regained 2 hp, and now have 7/117 hp.
You open Roxanne like a pillowcase!!!
Roxanne is almost destroyed.
You regained 3 hp, and now have 10/117 hp.
You slash Roxanne!
Roxanne is almost destroyed.
Roxanne mumbles some strange words.
The entropic shot hits you!!!
You die...

♣♣♣ ♣♣♣.♣♣♣♣♣ ♣♣♣♣♣♣ ♣♣
♣~...♣♣~♣♣ ♣♣.♣♣.♣♣~♣♣♣
~.....~..♣♣♣~.....?..~♣
....~....~.♣§§~..♣....
..§.......~...~.....♣
..~.~♣.§~.~..~..~..♣
..~....~~.§......~♣
~..§.~.......~.)@.♣♣
~~....♣...~~~..8..~♣
........~~~.~~...~♣♣
♣.~.......~.~~.~..♣
~.~..~..~~.~~♣.♣
........~..~.♣♣♣
~~~§.♣.....♣♣
....♣.~...♣ .. ♣.~..~♣


You could see Roxanne.

Vanquished Creatures
  2 orc warlords
  2 eleionomae
  Nessos (D:12)
  A bunyip (Swamp:1)
  A shambling mangrove (Swamp:1)
  A fire dragon (Lair:5)
  A ghost crab (Gauntlet)
  Harold (D:11)
  Erolcha (D:11)
  2 hydras
  3 boulder beetles
  2 catoblepae (Lair:3)
  3 death yaks (Lair:3)
  An orc high priest (Orc:1)
  A fire crab (Lair:5)
  2 skysharks (Lair:5)
  Amaemon (Lair:2)
  A skeletal warrior (D:7)
  A swamp dragon (Swamp:1)
  2 bog bodies (Swamp:1)
  An ugly thing (D:12)
  5 orc sorcerers
  2 cyclopes
  3 manticores
  19 elephants
  Maurice (Orc:2)
  6 black mambas
  An ice statue (IceCv)
  3 molten gargoyles (Lair:5)
  17 cane toads
  An orange demon (Lair:2)
  3 gargoyles (D:12)
  16 komodo dragons
  2 kobold demonologists
  2 rime drakes
  An ice devil (IceCv)
  4 polar bears
  4 trolls
  5 hornets (Swamp:1)
  2 tyrant leeches (Swamp:1)
  Prince Ribbit (D:5)
  23 blink frogs
  5 wyverns
  2 spriggans (Swamp:1)
  A wraith (D:12)
  38 yaks
  A dire elephant simulacrum (IceCv)
  2 steam dragons
  7 basilisks
  A neqoxec (Gauntlet)
  8 vampire mosquitoes
  3 death yak simulacra (IceCv)
  A swamp worm (Swamp:1)
  A harpy simulacrum (IceCv)
  5 wargs
  3 nagas (Lair:2)
  An acid dragon (D:10)
  14 water moccasins
  4 hell hounds (Lair:5)
  35 orc warriors
  A sky beast (D:6)
  An ice beast (D:7)
  3 black bears
  6 ogres
  17 wolves
  2 centaurs
  3 phantoms
  An elf zombie (Ossuary)
  4 kobold brigands
  11 bullfrogs
  2 cane toad simulacra (IceCv)
  2 scorpions
  6 two-headed ogre simulacra (IceCv)
  19 wights
  20 killer bees
  3 howler monkeys
  5 lava snakes (Lair:5)
  2 centaur zombies (Ossuary)
  4 hounds
  2 gnoll boudas
  28 orc priests
  2 jellies
  A sleepcap (D:6)
  Jessica (D:3)
  5 iguanas
  18 orc wizards
  3 spriggan simulacra (IceCv)
  5 troll simulacra (IceCv)
  3 wolf simulacra (IceCv)
  8 ogre zombies (D:12)
  A hound zombie (Ossuary)
  3 mummies (Ossuary)
  24 gnolls
  11 adders
  6 naga simulacra (IceCv)
  23 white imps
  6 ufetubi (IceCv)
  3 adder zombies (Ossuary)
  A dart slug (D:4)
  122 orcs
  6 bats
  8 endoplasms
  4 giant cockroaches
  3 gnoll zombies (Ossuary)
  4 hobgoblins
  8 jackals
  32 kobolds
  3 quokkas
  5 ball pythons
  A frilled lizard (D:3)
  8 goblins
  A goblin skeleton (D:12)
  9 goblin zombies
  3 hobgoblin skeletons (D:12)
  8 hobgoblin zombies
  4 jackal zombies (Ossuary)
  2 kobold zombies (Ossuary)
  7 orc skeletons (D:12)
  12 orc zombies
  3 quokka zombies (Ossuary)
  4 rats
  A rat zombie (Ossuary)
808 creatures vanquished.

Vanquished Creatures (collateral kills)
  Saint Roka (Orc:2)
  Mlioglotl (Swamp:1)
  A reaper (IceCv)
  A minotaur (Gauntlet)
  An ice devil (IceCv)
  A swamp worm (Swamp:1)
  2 hydra simulacra (IceCv)
  4 orc warriors
  An ogre (Orc:1)
  2 orc priests
  A white imp (IceCv)
16 creatures vanquished.

Grand Total: 824 creatures vanquished

Notes
Turn   | Place    | Note
-------+----------+-------------------------------------------
     0 | D:1      | Dirtsage the Demonspawn Berserker began the quest for the
                  | Orb.
     0 | D:1      | Reached XP level 1. HP: 18/18 MP: 1/1
    40 | D:1      | Reached skill level 3 in Axes
    82 | D:1      | Found Jolom's Book Emporium.
   224 | D:1      | Gained mutation: You are partially covered in sharp spines.
                  | [demonic ancestry]
   224 | D:1      | Reached XP level 2. HP: 23/24 MP: 2/2
   234 | D:1      | Found Roahocre's Armour Shop.
   257 | D:1      | Found Xath's Antique Armour Shoppe.
   388 | D:1      | Found Leerche's Assorted Antiques.
   811 | D:2      | Reached XP level 3. HP: 26/29 MP: 3/3
   825 | D:2      | You fall into a shaft and drop 1 floor!
   908 | D:2      | Reached ** piety under Trog
   909 | D:2      | Reached skill level 4 in Axes
  1765 | D:3      | Found Tiq Ixak's Jewellery Shop.
  1778 | D:3      | Reached XP level 4. HP: 35/35 MP: 4/4
  1845 | D:3      | Noticed Jessica
  1855 | D:3      | Killed Jessica
  1894 | D:3      | Found an iron altar of Okawaru.
  1901 | D:3      | Reached skill level 5 in Axes
  1920 | D:3      | Gained mutation: You have a small tail. [demonic ancestry]
  1920 | D:3      | Reached XP level 5. HP: 33/41 MP: 5/5
  1962 | D:3      | Saving game... please wait.
  1968 | D:3      | Found a faded altar of an unknown god.
  2266 | D:3      | Noticed an ogre
  2273 | D:3      | Killed an ogre
  2274 | D:3      | Reached skill level 6 in Axes
  2459 | D:4      | Found a sand-covered staircase.
  2465 | Ossuary  | Entered an ossuary
  2488 | Ossuary  | Gained mutation: You are mostly covered in sharp spines.
                  | [demonic ancestry]
  2488 | Ossuary  | Reached XP level 6. HP: 45/47 MP: 6/6
  2526 | Ossuary  | Reached *** piety under Trog
  2695 | Ossuary  | Reached skill level 7 in Axes
  3049 | D:4      | Reached **** piety under Trog
  3050 | D:4      | Gained mutation: You have a tail ending in a sharp stinger.
                  | [demonic ancestry]
  3050 | D:4      | Reached XP level 7. HP: 39/52 MP: 7/7
  3292 | D:4      | Found an ornate altar of the Wu Jian Council.
  3594 | D:5      | Entered Level 5 of the Dungeon
  3605 | D:5      | Noticed Prince Ribbit
  3619 | D:5      | Killed Prince Ribbit
  3620 | D:5      | Reached skill level 8 in Axes
  3813 | D:5      | Reached skill level 9 in Axes
  3813 | D:5      | Reached XP level 8. HP: 51/58 MP: 8/8
  4079 | D:5      | Found a staircase to the Ecumenical Temple.
  4086 | Temple   | Entered the Ecumenical Temple
  4663 | D:1      | Bought the +3 pair of boots of Vehumet's Displeasure {SInv}
                  | for 307 gold pieces
  4751 | D:6      | Reached skill level 10 in Axes
  4864 | D:6      | Found a shimmering blue altar of Sif Muna.
  5453 | D:7      | Reached skill level 11 in Axes
  5456 | D:7      | Gained mutation: You are partially covered in yellow
                  | scales. (AC +2) [demonic ancestry]
  5456 | D:7      | Reached XP level 9. HP: 63/63 MP: 9/9
  5861 | D:7      | Reached skill level 12 in Axes
  5910 | D:7      | Reached ***** piety under Trog
  6373 | D:7      | Noticed a kobold demonologist
  6374 | D:7      | Noticed a skeletal warrior
  6395 | D:7      | Killed a skeletal warrior
  6396 | D:7      | Reached skill level 13 in Axes
  6480 | D:7      | Noticed a cyclops
  6508 | D:7      | Noticed an ice devil
  6514 | D:7      | Killed a kobold demonologist
  6515 | D:7      | Gained mutation: You are mostly covered in yellow scales.
                  | (AC +3) [demonic ancestry]
  6515 | D:7      | Reached XP level 10. HP: 70/70 MP: 10/10
  6519 | D:7      | Killed a cyclops
  6662 | D:7      | Reached skill level 14 in Axes
  7013 | D:8      | Found a flagged portal.
  7023 | Bailey   | Entered a bailey
  7741 | D:9      | Found a blossoming altar of Fedhas.
  8047 | D:9      | Reached skill level 15 in Axes
  8267 | D:9      | Found a shadowy altar of Dithmenos.
  8270 | D:9      | Found a radiant altar of Vehumet.
  8582 | D:9      | Found a burning altar of Makhleb.
  8647 | D:10     | Entered Level 10 of the Dungeon
  8891 | D:10     | Gained mutation: You have a sharp stinger which inflicts
                  | weakening toxins. [demonic ancestry]
  8891 | D:10     | Reached XP level 11. HP: 75/75 MP: 11/11
  9229 | D:11     | Reached skill level 1 in Evocations
  9911 | D:11     | Noticed Erolcha
  9923 | D:11     | Killed Erolcha
 10137 | D:11     | Noticed Harold
 10155 | D:11     | Killed Harold
 10483 | D:11     | Found a staircase to the Lair.
 10915 | Lair:1   | Entered Level 1 of the Lair of Beasts
 10920 | Lair:1   | Reached ****** piety under Trog
 10923 | Lair:1   | Reached skill level 16 in Axes
 10926 | Lair:1   | Reached skill level 5 in Fighting
 11158 | Lair:1   | Saving game... please wait.
 11213 | Lair:1   | Noticed a boulder beetle
 11226 | Lair:1   | Killed a boulder beetle
 11227 | Lair:1   | Gained mutation: You regenerate magic rapidly. [demonic
                  | ancestry]
 11227 | Lair:1   | Reached XP level 12. HP: 80/87 MP: 12/12
 11406 | Lair:1   | Noticed a boulder beetle
 11416 | Lair:1   | Killed a boulder beetle
 11417 | Lair:1   | Reached skill level 5 in Armour
 11484 | Lair:1   | Reached skill level 5 in Evocations
 11553 | Lair:1   | Received a gift from Trog
 12051 | Lair:2   | Found a frozen archway.
 12058 | Lair:2   | Found a gate leading to a gauntlet.
 12089 | Gauntlet | Entered a Gauntlet
 12089 | Gauntlet | Found a transporter.
 12089 | Gauntlet | Found a transporter.
 12091 | Gauntlet | Found a transporter.
 12091 | Gauntlet | Found a transporter.
 12095 | Gauntlet | Found a transporter.
 12095 | Gauntlet | Found a transporter.
 12125 | Gauntlet | Found a transporter.
 12128 | Gauntlet | Noticed a ghost crab
 12130 | Gauntlet | Found a transporter.
 12140 | Gauntlet | Found a transporter.
 12153 | Gauntlet | Found a transporter.
 12153 | Gauntlet | Noticed a reaper
 12168 | Gauntlet | Found a transporter.
 12171 | Gauntlet | Found a transporter.
 12284 | Gauntlet | Killed a ghost crab
 12304 | Gauntlet | Identified the -1 helmet of Omission {rC+ Will- Str+4
                  | Dex+2}
 12334 | Gauntlet | Noticed a minotaur
 12350 | Gauntlet | Killed a minotaur
 12407 | IceCv    | Entered an ice cave
 13401 | IceCv    | Noticed a reaper
 13414 | IceCv    | Received a gift from Trog
 13418 | IceCv    | Killed a reaper
 13517 | IceCv    | Identified the +7 mace "Wiowoz" {holy, Str+3 Dex+3}
 13704 | Lair:2   | Reached XP level 13. HP: 63/98 MP: 8/13
 14003 | Lair:2   | Found a staircase to the Snake Pit.
 14279 | Lair:2   | Reached skill level 17 in Axes
 14339 | Lair:2   | Noticed Amaemon
 14349 | Lair:2   | Killed Amaemon
 14968 | Lair:3   | Noticed an eleionoma
 14970 | Lair:3   | Found a staircase to the Swamp.
 14981 | Lair:3   | Killed an eleionoma
 15815 | Lair:3   | Received a gift from Trog
 16331 | Lair:4   | Found the +6 lightning scales {swift, rElec}
 16700 | Lair:4   | Gained mutation: When hurt, damage is shared between your
                  | health and your magic reserves. [demonic ancestry]
 16700 | Lair:4   | Reached XP level 14. HP: 78/109 MP: 9/14
 17380 | Lair:5   | Entered Level 5 of the Lair of Beasts
 17640 | Lair:5   | Found a viscous altar of Jiyva.
 17640 | Lair:5   | Found a staircase to the Slime Pits.
 17663 | Lair:5   | Reached skill level 10 in Fighting
 18108 | Lair:5   | Received a gift from Trog
 18145 | Lair:5   | Reached skill level 10 in Evocations
 18276 | Lair:5   | Reached skill level 18 in Axes
 18296 | Lair:5   | Found a large runed translucent door.
 18296 | Lair:5   | Found a large runed translucent door.
 19269 | D:1      | Bought a pair of runed gloves for 127 gold pieces
 19269 | D:1      | Bought a pitted scale mail for 153 gold pieces
 19269 | D:1      | Identified the +1 scale mail of Fun {Harm *Slow Str-4
                  | Dex+6} (You bought it in a shop on level 1 of the Dungeon)
 19610 | D:12     | Found a staircase to the Orcish Mines.
 19616 | D:12     | Reached skill level 1 in Shields
 19734 | D:12     | Noticed Nessos
 19746 | D:12     | Killed Nessos
 20068 | D:12     | Found a portal to a secret trove of treasure.
 20240 | Orc:1    | Entered Level 1 of the Orcish Mines
 20444 | Orc:2    | Entered Level 2 of the Orcish Mines
 20446 | Orc:2    | Noticed Maurice
 20457 | Orc:1    | Received a gift from Trog
 20492 | Orc:2    | Killed Maurice
 20649 | Orc:2    | Found a staircase to the Elven Halls.
 20739 | Orc:2    | Noticed an orc warlord
 20754 | Orc:2    | Reached skill level 5 in Shields
 20755 | Orc:2    | Killed an orc warlord
 20964 | Orc:1    | Noticed an orc warlord
 20975 | Orc:1    | Killed an orc warlord
 21127 | Orc:1    | Received a gift from Trog
 21323 | Orc:2    | Noticed Saint Roka
 21431 | Orc:2    | Killed Saint Roka
 21432 | Orc:2    | Reached XP level 15. HP: 117/117 MP: 9/15
 21565 | Orc:2    | Found Cyahiob's Book Shoppe.
 21726 | Orc:2    | Found Iphuh's Antique Weapon Shop.
 21728 | Orc:2    | Found Otughod's Antique Armour Boutique.
 21735 | Orc:2    | Bought a pair of embroidered gloves for 195 gold pieces
 21831 | Orc:2    | Found Fustippa's Antique Armour Emporium.
 22203 | D:1      | Bought a glowing crystal plate armour for 1411 gold pieces
 22659 | Swamp:1  | Entered Level 1 of the Swamp
 22727 | Swamp:1  | Noticed Mlioglotl
 22735 | Swamp:1  | Received a gift from Trog
 22742 | Swamp:1  | Killed Mlioglotl
 22744 | Swamp:1  | Noticed Frances
 22756 | Swamp:1  | HP: 4/117 [swamp dragon (5)]
 22865 | Swamp:1  | Noticed Roxanne
 22886 | Swamp:1  | HP: 5/117 [Roxanne/entropic shot (19)]
 22889 | Swamp:1  | Killed from afar by Roxanne

Illustrated notes

Levels and vault maps discovered:
D:1:      lightli_arrival_flooded_house, layout_loops_ring, serial_shops, shop,
          nicolae_shop_competitors_out_of_business, shop, nicolae_square_shop,
          chequers_serial_rivers_micro_a, minmay_misc_feat_roman
D:2:      minmay_inner_zag, layout_basic
D:3:      layout_rooms, okawaru_metal_pillars_3, serial_shops, shop,
          ebering_ecumenical_altar_webs, minmay_door_square, uniq_jessica
D:4:      layout_cave_pods, mainiacjoe_overflow_surrounded_room,
          nicolae_ossuary_entry_plus, minmay_strange_pillars
D:5:      layout_loops_ring, minmay_temple_entry_statues_fountains,
          uniq_prince_ribbit1
D:6:      layout_loops_cross, led_sif_pool, item_on_display_a
D:7:      minmay_chambers_of_sixes, layout_basic,
          mainiacjoe_overflow_six_doors_small
D:8:      layout_cave_pools, enter_bailey_6
D:9:      layout_basic, lightli_temple_of_fire, lemuel_round_altar,
          nicolae_overflow_squiral
D:10:     layout_basic
D:11:     layout_basic, grunt_lair_entry_orc_guard_hut, special_room
          [special_room_orc], uniq_erolcha, uniq_harold
D:12:     layout_long_grid, zombieorc2_lemuel, enter_trove_3, uniq_nessos
Temple:   eino_temple_water
Lair:1:   layout_hall_layers, serial_bayou_pond_c, grunt_megastairs_4
Lair:2:   layout_gridlike, nicolae_snake_entry_squirm, gauntlet_entry_generic,
          portal_ice_cave_entry_imps, grunt_megastairs_5, uniq_amaemon
Lair:3:   nzn_motion_control, layout_regular_city,
          alex1729_swamp_entry_worm_eleionoma, grunt_megastairs_1
Lair:4:   layout_regular_city, st_stairs_3, chequers_serial_rivers_large_b,
          grunt_megastairs_3
Lair:5:   cheibrodos_lair_end_hotspot, layout_hall_layers, slime_entry_1,
          chequers_serial_rivers_micro_e
Swamp:1:  nicolae_swamp_tree_isthmus, layout_basic_swamp,
          evilmike_swamp_ruin_house_1, swamp_pool5,
          nicolae_swamp_necromancy_gone_wrong, uniq_mlioglotl, uniq_roxanne,
          uniq_frances
Orc:1:    layout_caves
Orc:2:    grunt_orc_community_town_hall, layout_caves,
          grunt_orc_community_big_house_2, grunt_orc_community_big_house_2,
          grunt_orc_community_house_2, grunt_orc_community_house_2,
          grunt_orc_community_house_1, grunt_orc_community_house_1,
          special_room, uniq_maurice

Skill      XL: |  1  2  3  4  5  6  7  8  9 10 11 12 13 14 15 |
---------------+----------------------------------------------+-----
Axes           | 3 4 5 6 7 9 11 13 15 16 17 18 | 18.0
Armour         | 4 6 8 9 |  9.5
Evocations     | 4 7 9 10 | 10.0
Fighting       | 5 7 9 10 | 10.5
Dodging        | 2 |  2.2
Shields        | 6 9 |  9.1

Action                     |  1- 3 |  4- 6 |  7- 9 | 10-12 | 13-15 || total
---------------------------+-------+-------+-------+-------+-------++-------
  Melee: Hand axe          |    77 |    24 |       |       |    35 ||   136
         Punch             |     1 |     4 |       |     2 |     2 ||     9
         War axe           |       |    91 |   203 |   199 |       ||   493
         Tailslap          |       |    16 |    23 |    77 |   109 ||   225
         Battleaxe         |       |       |       |   360 |   352 ||   712
         Broad axe         |       |       |       |       |   327 ||   327
  Throw: Dart              |       |       |       |     3 |     1 ||     4
 Invoke: Berserk           |     1 |     1 |     8 |    17 |    13 ||    40
         Brothers in Arms  |       |       |       |     4 |     3 ||     7
         Trog's Hand       |       |       |       |     1 |     2 ||     3
  Evoke: Wand              |       |       |       |       |     1 ||     1
    Use: Scroll            |       |     6 |     2 |    11 |     8 ||    27
         Potion            |       |       |       |     1 |     5 ||     6
 Armour: Animal skin       |    11 |       |       |       |       ||    11
         Ring mail         |    14 |    72 |   136 |   368 |   445 ||  1035
         Leather armour    |     3 |       |       |       |       ||     3
         Plate armour      |    20 |       |       |       |       ||    20
         Ice dragon scales |       |       |       |    83 |       ||    83
         Fire dragon scale |       |       |       |       |   142 ||   142
         Crystal plate arm |       |       |       |       |    65 ||    65
         Swamp dragon scal |       |       |       |       |    26 ||    26
  Dodge: Dodged            |    45 |    49 |    81 |   250 |   333 ||   758
  Block: Kite shield       |       |       |       |       |    45 ||    45

Table legend: (Time is in decaauts)
 A = Elapsed time spent in this place.
 B = Non-inter-level travel time spent in this place.
 C = Inter-level travel time spent in this place.
 D = Time resting spent in this place.
 E = Time spent auto-exploring this place.
 F = Levels seen in this place.
 G = Mean time per level.
                   A        B        C        D        E       F      G
               +--------+--------+--------+--------+--------+-----+--------+
         Total |  23174 |  20505 |   2669 |   1756 |  15027 |  25 |  927.0 |
       Dungeon |  11983 |   9920 |   2063 |    607 |   7928 |  12 |  998.6 |
        Temple |      1 |      1 |      0 |      0 |      0 |   1 |    1.0 |
          Lair |   6696 |   6317 |    379 |    531 |   4720 |   5 | 1339.2 |
         Swamp |    252 |    252 |      0 |     64 |     64 |   1 |  252.0 |
  Orcish Mines |   1886 |   1661 |    225 |    189 |   1066 |   2 |  943.0 |
       Ossuary |    344 |    344 |      0 |      0 |    209 |   1 |  344.0 |
        Bailey |    432 |    432 |      0 |     54 |    295 |   1 |  432.0 |
      Ice Cave |   1259 |   1259 |      0 |    256 |    744 |   1 | 1259.0 |
      Gauntlet |    318 |    318 |      0 |     53 |      0 |   1 |  318.0 |
               +--------+--------+--------+--------+--------+-----+--------+

Top non-repeatable levels by time:
     D:7: 1677 daAuts
    D:11: 1630 daAuts
  Lair:5: 1627 daAuts
  Lair:3: 1510 daAuts
  Lair:2: 1349 daAuts
   IceCv: 1259 daAuts
   Orc:2: 1182 daAuts
  Lair:4: 1106 daAuts
  Lair:1: 1102 daAuts
     D:5: 1102 daAuts
     D:9: 1071 daAuts
     D:1: 1035 daAuts
     D:2: 1025 daAuts
     D:4: 930 daAuts
    D:12: 832 daAuts
